 Dungeon Crawl Stone Soup version 0.23-a0-29-g1be82e5 (webtiles) character file.

377 zishaf the Insei (level 6, 0/32 HPs)
             Began as a Vine Stalker Transmuter on Aug 3, 2018.
             Slain by an orc
             ... wielding a +0 club
              (2 damage)
             ... on level 4 of the Dungeon.
             The game lasted 00:10:49 (4086 turns).

zishaf the Insei (Vine Stalker Transmuter)          Turns: 4086, Time: 00:10:50

Health: 0/32       AC:  4    Str: 12    XL:     6   Next: 73%
Magic:  0/10       EV: 13    Int: 15    God:
Gold:   180        SH:  0    Dex: 15    Spells: 3/9 levels left

rFire    + . .     SeeInvis .     - Unarmed
rCold    . . .     Gourm    .   (no shield)
rNeg     . . .     Faith    .   g - +2 robe {rF+}
rPois    .         Spirit   +   (no helmet)
rElec    .         Reflect  .   (no cloak)
rCorr    .         Harm     .   (no gloves)
MR       .....                  (no boots)
Stlth    +.........             n - amulet of guardian spirit (curse)
HPRegen  0.50/turn              (no ring)
MPRegen  0.12/turn              (no ring)

@: very slightly contaminated
A: fangs 2, regeneration 1, magic shield, antimagic bite, no potion heal 3, rot
immunity
a: no special abilities


You were on level 4 of the Dungeon.
You were not hungry.

You visited 1 branch of the dungeon, and saw 4 of its levels.

You collected 180 gold pieces.

Inventory:

Missiles
 j - 15 arrows
Armour
 a - a +2 scale mail of cold resistance
 g - a +2 robe of fire resistance (worn)
Jewellery
 n - a cursed amulet of guardian spirit (around neck)
Scrolls
 d - a scroll of enchant armour {unknown}
 h - a scroll of remove curse
 k - a scroll of enchant weapon
Potions
 b - a potion of haste
 c - a potion of invisibility {unknown}
 e - 2 potions of ambrosia
 i - a potion of lignification {unknown}
 l - a potion of mutation {unknown}
 m - a potion of heal wounds {unknown}
Comestibles
 f - 10 rations
 o - 5 chunks of flesh


   Skills:
 + Level 3.0 Fighting
 + Level 3.1 Dodging
 + Level 4.4 Unarmed Combat
 - Level 2.1 Spellcasting
 + Level 3.8 Transmutations


You had 3 spell levels left.
You knew the following spells:

 Your Spells              Type           Power        Failure   Level  Hunger
a - Beastly Appendage     Tmut           ##....       4%          1    #......
b - Sticks to Snakes      Tmut           ##......     7%          2    ###....
c - Spider Form           Tmut/Pois      #.........   30%         3    ###....

Your spell library contained the following spells:

 Spells                   Type           Power        Failure   Level  Hunger
 Blade Hands              Tmut           ##........   77%         5    ######.
 Ice Form                 Ice/Tmut       #.......     69%         4    #####..


Dungeon Overview and Level Annotations

Branches:
Dungeon (4/15)
 Temple: D:4-7

Altars:


Innate Abilities, Weirdness & Mutations

You have extremely sharp teeth.
Your natural rate of healing is unusually fast.
When hurt, damage is shared between your health and your magic reserves.
Your bite disrupts and absorbs the magic of your enemies.
Potions cannot restore your health.
You are immune to rotting.


Message History

* * * LOW HITPOINT WARNING * * *
The orc hits you with a club.
* * * LOW HITPOINT WARNING * * *
You closely miss the orc. Your punch misses the orc.
The orc is heavily wounded.
The orc barely misses you.
You closely miss the orc.
The orc is heavily wounded.
The orc completely misses you.
The orc hits you with a hand axe of freezing.
* * * LOW HITPOINT WARNING * * *
The orc freezes you.
* * * LOW HITPOINT WARNING * * *
You hit the orc. You bite the orc, but do no damage.
The orc is heavily wounded.
The orc barely misses you.
You hit the orc. You bite the orc.
You kill the orc!
The orc hits you with a club.
You die...

##.......#
#.......#
#.##.#
#.>.....###
..#.#
#.......#.#
#.#.#
#.......#.#
...#
#.......).#
#..#
#.......#.# ..#
###+#####.# #>#
#.#####.#####@#
#..<........o.#
#############.#
###


You could see an orc.

Vanquished Creatures
  An ogre (D:4)
  3 orc wizards
  2 orc priests (D:4)
  3 adders
  3 worms
  6 dart slugs
  3 leopard geckos
  16 orcs
  3 ball pythons
  A giant cockroach (D:3)
  9 goblins
  4 hobgoblins
  2 jackals (D:1)
  5 kobolds
  3 quokkas (D:2)
  6 bats
  3 frilled lizards
  5 rats
78 creatures vanquished.

Vanquished Creatures (collateral kills)
  2 adders (D:2)
  A worm (D:2)
  A leopard gecko (D:2)
4 creatures vanquished.

Grand Total: 82 creatures vanquished

Notes
Turn   | Place    | Note
-------+----------+-------------------------------------------
     0 | D:1      | zishaf the Vine Stalker Transmuter began the quest for the Orb.
     0 | D:1      | Reached XP level 1. HP: 9/9 MP: 4/4
   118 | D:1      | Reached skill level 1 in Fighting
   282 | D:1      | Reached XP level 2. HP: 11/14 MP: 6/6
   375 | D:1      | Learned a level 2 spell: Sticks to Snakes
  1317 | D:2      | Reached XP level 3. HP: 12/18 MP: 3/7
  1361 | D:2      | Learned a level 3 spell: Spider Form
  2115 | D:2      | Gained mutation: Your natural rate of healing is unusually fast. [Vine Stalker growth]
  2115 | D:2      | Reached XP level 4. HP: 23/23 MP: 8/8
  3160 | D:3      | Reached XP level 5. HP: 21/26 MP: 7/9
  3869 | D:3      | Reached skill level 4 in Unarmed Combat
  3918 | D:4      | Reached XP level 6. HP: 32/32 MP: 10/10
  4086 | D:4      | Slain by an orc

Vault maps used:
D:1:      onia_arrival_pentagram
D:4:      minmay_temple_entry_junction, portal_sewer_entry_b, first_ration,
          uniq_eustachio

Skill      XL: |  1  2  3  4  5  6 |
---------------+-------------------+-----
Fighting       | 1 2 3 |  3.0
Dodging        | 2 3 |  3.1
Transmutations | 3 |  3.8
Unarmed Combat | 4 |  4.4
Spellcasting   | |  2.1

Action                   |  1- 3 |  4- 6 || total
-------------------------+-------+-------++-------
Melee: Unarmed           |   121 |   255 ||   376
       Bite              |    25 |    73 ||    98
       Kick              |     2 |     3 ||     5
       Punch             |     1 |     2 ||     3
 Cast: Beastly Appendage |     2 |     2 ||     4
       Sticks to Snakes  |     9 |     5 ||    14
  Use: Scroll            |       |     3 ||     3
 Stab: Distracted        |     1 |       ||     1
       Sleeping          |     1 |       ||     1
  Eat: Ration            |     1 |       ||     1
       Chunk             |     2 |     7 ||     9
Armor: Robe              |    43 |    61 ||   104
Dodge: Dodged            |   100 |   195 ||   295

Table legend:
 A = Spawn XP
 B = Non-spawn XP
 C = Spawn XP percentage of total XP
 D = Spawn monster count
 E = Non-spawn monster count
 F = Spawn count percentage of total count
 G = Total turns spent on level
                    A         B        C        D         E        F      G
               +---------+---------+-------+---------+---------+-------+---------
         Total |       0 |     539 |   0.0 |       0 |      82 |   0.0 |  4086
               +---------+---------+-------+---------+---------+-------+---------
           D:1 |       0 |      32 |   0.0 |       0 |      15 |   0.0 |  1302
           D:2 |       0 |     100 |   0.0 |       0 |      33 |   0.0 |  1594
           D:3 |       0 |     153 |   0.0 |       0 |      25 |   0.0 |  1009
           D:4 |       0 |     254 |   0.0 |       0 |       9 |   0.0 |   181
               +---------+---------+-------+---------+---------+-------+---------
